 Dungeon Crawl Stone Soup version 0.29-a0-97-g88c9fad16d (webtiles) character file.

Game seed: 3530481243907534988

7051 enile the Fighter (level 11, -1/77 HPs)
             Began as an Octopode Earth Elementalist on Feb 13, 2022.
             Was a Believer of Ashenzari.
             Killed from afar by a rime drake (25 damage)
             ... with a flash freeze
             ... on level 9 of the Dungeon.
             The game lasted 00:24:05 (13398 turns).

enile the Fighter (Octopode Earth Elementalist)    Turns: 13398, Time: 00:24:06

Health: -1/77      AC:  1    Str:  8    XL:     11   Next: 9%
Magic:  11/19      EV: 30    Int: 21    God:    Ashenzari [**....]
Gold:   409        SH:  0    Dex: 13    Spells: 14/21 levels left

rFire   . . .      SeeInvis +   B - +3 dire flail of Supernal Knowledge {protect, Cun, Alch} (curse)
rCold   . . .      Faith    .   (shield currently unavailable)
rNeg    . . .      Spirit   .   (helmet restricted)
rPois   .          Reflect  .   v - amulet of the Unyielding Gaze {Acrobat, Comp, Melee} (curse)
rElec   .          Harm     .   d - ring of the Ensconced Seer {Will+, Range, Elem} (curse)
rCorr   .          Rampage  .   (no ring)
Will    +....                   (no ring)
Stlth   ++++......              (no ring)
HPRegen 0.22/turn               (no ring)
MPRegen 0.16/turn               (no ring)
                                (no ring)
                                (no ring)

@: acrobatic
A: almost no armour, amphibious, 8 rings, camouflage 1, gelatinous body 1,
(nimble swimmer 1), tentacles
a: Renounce Religion, Curse Item, Shatter the Chains


You were on level 9 of the Dungeon.
You worshipped Ashenzari.
Ashenzari was pleased with you.
You visited 2 branches of the dungeon, and saw 10 of its levels.
You also visited: Ossuary.

You collected 489 gold pieces.
You spent 80 gold pieces at shops.

Inventory:

Hand Weapons
 a - a +2 quarterstaff of chaos
 c - a +1 vampiric dagger
 e - a +0 dagger
 m - a +0 scimitar
 o - a +0 flail of holy wrath
 w - the +5 trident "Ymnuru" {freeze, rN+ Int-5 Dex+4}
   (You took it off a gnoll on level 5 of the Dungeon)

   It freezes those it strikes, dealing additional cold damage.
   It can also slow down cold-blooded creatures.
   Int:       It affects your intelligence (-5).
   Dex:       It affects your dexterity (+4).
   rN:        It protects you from negative energy.
 x - a +1 flail of holy wrath
 A - a +0 morningstar
 B - the cursed +3 dire flail of Supernal Knowledge (weapon) {protect, Cun, Alch}
   (You took it off Edmund on level 4 of the Dungeon)

   It grants its wielder temporary protection when it strikes (+7 to AC).
   It has a curse which improves the following skills: Cunning: Dodging and
   Stealth.
   Alchemy:   Poison Magic and Transmutations.
Missiles
 b - 221 stones
 z - 6 poisoned darts
Jewellery
 d - the cursed ring of the Ensconced Seer (left tentacle) {Will+, Range, Elem}
   (You found it on level 1 of the Dungeon)

   [ring of willpower]

   Will:      It increases your willpower.
   It has a curse which improves the following skills: Ranged Combat: Slings,
   Bows, Crossbows and Throwing.
   Elements:  Fire Magic, Ice Magic, Air Magic and Earth Magic.
 l - the ring of the Curious Nights {*Slow rPois rC+ Will+ rCorr}
   (You found it on level 8 of the Dungeon)

   [ring of poison resistance]

   rC:        It protects you from cold.
   rPois:     It protects you from poison.
   rCorr:     It protects you from acid and corrosion.
   *Slow:     It may slow you when you take damage.
   Will:      It increases your willpower.
 v - the cursed amulet of the Unyielding Gaze (around mantle) {Acrobat, Comp, Melee}
   (You found it on level 5 of the Dungeon)

   [amulet of the acrobat]

   It increases your evasion while moving and waiting.
   It has a curse which improves the following skills: Companions: Summonings
   and Necromancy.
   Melee Combat: Short Blades, Long Blades, Axes, Maces & Flails, Polearms,
   Staves and Unarmed Combat.
Wands
 j - a wand of polymorph (6) (quivered)
Scrolls
 f - 2 scrolls of identify
 g - 2 scrolls of blinking
 n - 2 scrolls of amnesia
 q - 2 scrolls of teleportation
 y - a scroll of magic mapping
 D - a scroll of silence
Potions
 h - 8 potions of curing
 i - a potion of degeneration
 k - 2 potions of heal wounds
 p - 2 potions of flight
 r - 2 potions of lignification
 s - a potion of magic
 t - a potion of cancellation
 u - 2 potions of haste
 E - 2 potions of brilliance


   Skills:
 - Level 8.0 Fighting
 - Level 1.0(2.5) Short Blades
 - Level 2.8(4.0) Long Blades
 - Level 6.8(8.1) Maces & Flails
 - Level 5.0(6.2) Dodging
 - Level 4.0(5.1) Stealth
 - Level 5.8 Spellcasting
 - Level 6.1 Conjurations
 - Level 1.0(1.7) Transmutations
 + Level 1.7(2.6) Fire Magic
 - Level 7.7(9.0) Earth Magic
 - Level 5.0 Evocations


You had 14 spell levels left.
You knew the following spells:

 Your Spells              Type           Power      Damage    Failure   Level
a - Sandblast             Erth           88%        2d18      1%          1
b - Stone Arrow           Conj/Erth      76%        3d11      1%          3
c - Inner Flame           Hex/Fire       11%        N/A       17%         3

Your spell library contained the following spells:

 Spells                   Type           Power      Damage    Failure   Level
 Foxfire                  Conj/Fire      96%        2x1d8     1%          1
 Passwall                 Tmut/Erth      23%        N/A       1%          2
 Conjure Flame            Conj/Fire      24%        6-21      4%          3
 Petrify                  Tmut/Erth      28%        N/A       11%         4
 Blink                    Tloc           12%        N/A       16%         2
 Flame Wave               Conj/Fire      24%        2d7       16%         4
 Lesser Beckoning         Tloc           6%         N/A       30%         3
 Portal Projectile        Hex/Tloc       12%        N/A       30%         3
 Animate Dead             Necr           3%         N/A       67%         4
 Manifold Assault         Tloc           6%         N/A       95%         5
 Summon Mana Viper        Hex/Summ       6%         N/A       95%         5
 Haunt                    Necr/Summ      3%         N/A       100%        7
 Borgnjor's Revivificati  Necr           3%         N/A       100%        8
 Infestation              Necr           3%         N/A       100%        8


Dungeon Overview and Level Annotations

Branches:
Dungeon (9/15)             Temple (1/1) D:4         Ossuary (visited)
   Lair: D:8-11         Orc: D:9-12

Altars:
Ashenzari
Dithmenos
Elyvilon
Fedhas
Gozag
Hepliaklqana
Kikubaaqudgha
Nemelex Xobeh
Okawaru
Qazlal
Ru
Sif Muna
Uskayaw
Wu Jian
Xom
Yredelemnul
Zin
The Shining One
Jiyva

Shops:
D:3 !

Annotations:
D:8 3 runed translucent doors, lordive's ghost, novice SpEn


Innate Abilities, Weirdness & Mutations

You cannot wear most types of armour.
You are amphibious.
You can wear up to eight rings at the same time.
Your skin changes colour to match your surroundings (Stealth+).
Your rubbery body absorbs attacks. (AC +1, EV +1)
((You are camouflaged when in or above water. (Stealth+)))
You have tentacles for arms and can constrict up to eight enemies at once.


Message History

You can move again.
Casting: Stone Arrow (safe; 1% risk of failure)
Confirm with . or Enter, or press ? or * to list all spells.
Okay, then.
Press: ? - help, v - describe, . - travel
Here: a hornet (moderately wounded)
The floor.
There are monsters nearby!
Aiming: Polymorph
Press: ? - help, Q - select action, (/) - cycle Shift-Dir - straight line, f/p - hornet
Aim: a hornet (moderately wounded, will become a wyvern, a meliai, or a rime drake, chance to affect: 52%)
The hornet resists with significant effort.
The hornet barely misses you.
Aiming: Polymorph
Press: ? - help, Q - select action, (/) - cycle Shift-Dir - straight line, f/p - hornet
Aim: a hornet (moderately wounded, will become a wyvern, a meliai, or a rime drake, chance to affect: 52%)
The hornet evaporates and reforms as a rime drake!
The rime drake closely misses you.
You hit the rime drake.
Your weapon exudes an aura of protection.
The rime drake is lightly wounded.
The rime drake bites you but does no damage.
You barely miss the rime drake.
The rime drake is lightly wounded.
The rime drake completely misses you.
You barely miss the rime drake. You squeeze the rime drake.
The rime drake is moderately wounded.
The rime drake bites you but does no damage.
You barely miss the rime drake.
The rime drake is moderately wounded.
The rime drake breathes ice at you. The flash freeze hits you!!
You are encased in ice.
Blink to where?
Press: ? - help, Dir - move target, p - rime drake
As you read the scroll of blinking, it crumbles to dust.
The ice encasing you melts away. The rime drake breathes ice at you.
The flash freeze hits you!!
You die...

* ...,* #Z#
#####+## ###k#
#......# #...# *
#.)..<.# ##'####*
* * +......#
#.....# , *
#......####
#.###.# * , ,
,#......'..####.#
.. ,*
#......##....@.#
* *## * *
#......#######.#,
, #......# #.# *
* , #......# #..
, ##...### #### +
###..####
###.......#
*##.'.#####.+ * *
#.<#.# , #* , * *
*


You could see a rime drake (catching breath) and a centaur warrior zombie.

Vanquished Creatures
  A wyvern (D:7)
  A steam dragon (D:7)
  Menkaure (D:7)
  Edmund (D:4)
  Duvessa (D:7)
  2 water moccasins (D:6)
  2 sky beasts
  A black bear (D:6)
  An orc warrior (D:8)
  An ice beast (D:7)
  A necrophage (D:5)
  An ogre (D:5)
  3 centaurs
  A phantom (D:5)
  2 bullfrogs
  3 scorpions
  Dowan (D:7)
  3 water moccasin skeletons
  2 jellies (D:5)
  4 killer bees (D:8)
  4 wights (D:7)
  3 centaur zombies
  5 hounds
  A bullfrog skeleton (D:7)
  5 iguanas
  4 orc priests
  A centaur skeleton (D:5)
  A gnoll shaman (D:5)
  Crazy Yiuf (D:7)
  Ijyb (D:3)
  Natasha (thrice) (D:2)
  6 orc wizards
  A killer bee zombie (D:7)
  A hound zombie (Ossuary)
  3 mummies (Ossuary)
  A howler monkey zombie (D:5)
  9 gnolls
  2 adders
  2 shadow imps
  2 white imps (D:6)
  5 adder zombies (Ossuary)
  An adder skeleton (D:4)
  A worm (D:2)
  A dart slug (D:1)
  28 orcs
  4 ball pythons
  7 endoplasms
  A giant cockroach (D:2)
  2 gnoll zombies (Ossuary)
  8 goblins
  7 hobgoblins
  2 jackals (D:2)
  10 kobolds
  3 quokkas
  5 bats
  7 frilled lizards (D:1)
  4 goblin zombies (Ossuary)
  6 hobgoblin zombies
  2 jackal zombies (Ossuary)
  4 kobold zombies
  3 orc zombies (Ossuary)
  2 quokka zombies (Ossuary)
  5 rats
  6 rat zombies (Ossuary)
213 creatures vanquished.

Vanquished Creatures (others)
  8 plants (D:5)
8 creatures vanquished.

Grand Total: 221 creatures vanquished

Notes
Turn   | Place    | Note
-------+----------+-------------------------------------------
     0 | D:1      | enile the Octopode Earth Elementalist began the quest for
                  | the Orb.
     0 | D:1      | Reached XP level 1. HP: 11/11 MP: 3/3
    51 | D:1      | Reached skill level 1 in Fighting
   120 | D:1      | Got Wapnaem's Tome of Enthralling Evil
   194 | D:1      | Reached XP level 2. HP: 18/18 MP: 3/5
   441 | D:1      | Reached skill level 2 in Fighting
   607 | D:1      | Reached skill level 1 in Short Blades
   834 | D:1      | Reached XP level 3. HP: 24/24 MP: 6/6
  1171 | D:2      | Noticed Natasha
  1173 | D:2      | Killed Natasha
  1174 | D:2      | Reached XP level 4. HP: 29/29 MP: 4/7
  1219 | D:2      | Learned a level 3 spell: Stone Arrow
  1846 | D:2      | Found a faded altar of an unknown god.
  1853 | D:2      | Noticed Natasha
  1863 | D:2      | Killed Natasha
  2075 | D:2      | Noticed Natasha
  2093 | D:2      | Killed Natasha
  2094 | D:2      | Reached XP level 5. HP: 28/34 MP: 0/9
  2244 | D:3      | Found Faffemn's Distillery.
  2247 | D:3      | Noticed Ijyb
  2353 | D:3      | Killed Ijyb
  2449 | D:3      | Bought a potion of curing for 30 gold pieces
  2449 | D:3      | Bought a potion of heal wounds for 50 gold pieces
  2534 | D:3      | Reached skill level 1 in Conjurations
  2699 | D:3      | Reached XP level 6. HP: 39/39 MP: 3/10
  3113 | D:3      | Reached skill level 1 in Evocations
  3664 | D:4      | Found a staircase to the Ecumenical Temple.
  4206 | Temple   | Entered the Ecumenical Temple
  4561 | Temple   | Became a worshipper of Ashenzari the Shackled
  4630 | D:5      | Entered Level 5 of the Dungeon
  4659 | D:5      | Found a sand-covered staircase.
  4874 | D:5      | Reached XP level 7. HP: 45/45 MP: 0/11
  4962 | Ossuary  | Entered an ossuary
  5356 | Ossuary  | Reached skill level 1 in Long Blades
  6684 | D:5      | Reached skill level 3 in Fighting
  6684 | D:5      | Reached XP level 8. HP: 52/52 MP: 5/12
  6805 | D:5      | Identified the +5 trident "Ymnuru" {freeze, rN+ Int-5
                  | Dex+4}
  6889 | D:5      | Reached skill level 4 in Fighting
  7168 | D:5      | Noticed Edmund
  7377 | D:5      | Found a sacrificial altar of Ru.
  7420 | D:5      | Reached skill level 5 in Earth Magic
  7816 | D:5      | Found a hide-covered altar of Uskayaw.
  7924 | D:4      | Killed Edmund
  8257 | D:5      | Reached skill level 1 in Maces & Flails
  8757 | D:6      | Found a sparkling altar of Nemelex Xobeh.
  8759 | D:6      | Found a white marble altar of Elyvilon.
  8791 | D:6      | Reached skill level 5 in Evocations
  8791 | D:6      | Reached XP level 9. HP: 58/58 MP: 8/15
  9029 | D:6      | Reached skill level 5 in Dodging
  9400 | D:6      | Reached skill level 5 in Fighting
  9731 | D:7      | Reached * piety under Ashenzari
  9731 | D:7      | Noticed Menkaure
 10827 | D:7      | Noticed Dowan
 10857 | D:7      | Noticed Duvessa
 10868 | D:7      | Killed Duvessa
 10868 | D:7      | Killed Dowan
 10879 | D:7      | Killed Menkaure
 10887 | D:7      | Reached skill level 7 in Fighting
 10887 | D:7      | Reached skill level 5 in Spellcasting
 10887 | D:7      | Reached XP level 10. HP: 71/71 MP: 15/18
 11015 | D:7      | Identified the +0 pair of boots of Parlour Games {*Corrode
                  | rElec Str+2 Int+8}
 11089 | D:7      | Found a runed translucent door.
 11090 | D:7      | Noticed Crazy Yiuf
 11156 | D:7      | Reached XP level 11. HP: 23/76 MP: 15/19
 11579 | D:7      | Reached ** piety under Ashenzari
 12104 | D:7      | Killed Crazy Yiuf
 12147 | D:8      | Identified the ring of the Curious Nights {*Slow rPois rC+
                  | Will+ rCorr}
 12148 | D:8      | Found a glowing silver altar of Zin.
 12221 | D:8      | Reached skill level 8 in Fighting
 12225 | D:8      | Learned a level 3 spell: Inner Flame
 12467 | D:8      | Reached skill level 1 in Fire Magic
 12890 | D:8      | Found a runed translucent gate.
 12890 | D:8      | Found a runed translucent gate.
 12893 | D:8      | Found a runed translucent gate.
 12895 | D:8      | Noticed lordive's ghost (novice SpEn)
 13136 | D:8      | Found a hazy altar of Hepliaklqana.
 13309 | D:8      | Found a viscous altar of Jiyva.
 13390 | D:9      | Paralysed by a hornet for 1 turns
 13398 | D:9      | Killed from afar by a rime drake

Illustrated notes

Levels and vault maps discovered:
D:1:      minmay_arrival_glassed_features, layout_basic, serial_corexii_hall,
          corexii_hall_statues_t, chequers_hall_statues_y,
          corexii_hall_statues_l, corexii_hall_statues_i,
          corexii_hall_statues_i, chequers_hall_statues_y, minmay_lizard_pond
D:2:      layout_rooms, nicolae_ecumenical_lake_church,
          chequers_serial_rivers_small_b, uniq_natasha
D:3:      layout_basic, serial_shops, nicolae_diamond_shop,
          kennysheep_flooded_box, uniq_ijyb
D:4:      layout_basic, minmay_temple_entry_drinking_statues
D:5:      layout_basic, mainiacjoe_overflow_boulevard,
          mainiacjoe_overflow_alcove_4, nicolae_ossuary_entry_ruins,
          minmay_fractal_squares_diagonal_5, uniq_edmund
D:6:      layout_loops_cross, chequers_temple_overflow_statue_of_worship,
          nicolae_water_bricks
D:7:      layout_layer_cave, minmay_mini_ossuary, uniq_duvessa,
          uniq_crazy_yiuf_cottage, uniq_menkaure
D:8:      layout_loops_ring, mainiacjoe_overflow_catwalk, amcnicky_altar_gilded,
          gammafunk_ghost_ooze
D:9:      layout_roguey, minmay_orc_entry_temple_small, the_hattery,
          uniq_erolcha
Temple:   minmay_temple_forest_path

Skill      XL: |  1  2  3  4  5  6  7  8  9 10 11 |
---------------+----------------------------------+-----
Fighting       | 1 2 3 4 7 8 |  8.0
Short Blades   | 1 |  1.0
Dodging        | 3 4 5 |  5.0
Earth Magic    | 4 5 7 |  7.7
Spellcasting   | 3 4 5 |  5.8
Conjurations   | 2 3 4 6 |  6.1
Evocations     | 3 4 5 |  5.0
Long Blades    | 2 |  2.8
Stealth        | 4 |  4.0
Maces & Flails | 2 6 |  6.8
Fire Magic     | 1 |  1.7
Transmutations | |  1.0

Action                   |  1- 3 |  4- 6 |  7- 9 | 10-12 || total
-------------------------+-------+-------+-------+-------++-------
Melee: Dagger            |    34 |    43 |       |       ||    77
       Tentacles         |    12 |     9 |    43 |     9 ||    73
       Constrict         |     8 |    14 |    30 |     5 ||    57
       Scimitar          |       |    13 |    70 |       ||    83
       Dire flail        |       |       |    59 |    33 ||    92
       Punch             |       |       |     2 |       ||     2
Throw: Dart              |       |       |     6 |       ||     6
 Cast: Sandblast         |    19 |    39 |    16 |       ||    74
       Stone Arrow       |       |    26 |   102 |    24 ||   152
Invok: Curse Item        |       |       |     2 |     1 ||     3
Evoke: Wand              |       |     1 |     4 |     2 ||     7
  Use: Potion            |       |     3 |     2 |     1 ||     6
       Scroll            |       |     5 |     2 |     2 ||     9
 Stab: Sleeping          |     2 |       |     1 |     1 ||     4
       Distracted        |       |       |     2 |       ||     2
Armor: Skin              |     2 |    12 |    38 |    12 ||    64
Dodge: Dodged            |    18 |    49 |   148 |    33 ||   248

Table legend: (Time is in decaauts)
 A = Elapsed time spent in this place.
 B = Non-inter-level travel time spent in this place.
 C = Inter-level travel time spent in this place.
 D = Time resting spent in this place.
 E = Time spent auto-exploring this place.
 F = Levels seen in this place.
 G = Mean time per level.
                   A        B        C        D        E       F      G
               +--------+--------+--------+--------+--------+-----+--------+
         Total |  13438 |  12996 |    442 |    936 |  10506 |  11 | 1221.6 |
       Dungeon |  12050 |  11672 |    378 |    936 |   9328 |   9 | 1338.9 |
        Temple |    392 |    329 |     63 |      0 |    317 |   1 |  392.0 |
       Ossuary |    995 |    995 |      0 |      0 |    861 |   1 |  995.0 |
               +--------+--------+--------+--------+--------+-----+--------+

Top non-repeatable levels by time:
     D:5: 2218 daAuts
     D:7: 1957 daAuts
     D:6: 1758 daAuts
     D:4: 1502 daAuts
     D:2: 1208 daAuts
     D:8: 1206 daAuts
     D:1: 1109 daAuts
     D:3: 1042 daAuts
 Ossuary: 995 daAuts
  Temple: 392 daAuts
     D:9: 45 daAuts
